 Seeded DCSS version 0.29.1-12-g30fa7ad0bf (webtiles) character file.

Game seed: 1 (custom seed)

8051 Kazon the Carver (level 11, 0/97 HPs)
             Began as a Minotaur Gladiator on Jan 12, 2023.
             Was a Priest of Okawaru.
             Killed from afar by a starcursed mass (4 damage)
             ... with an accursed screaming
             ... on level 1 of the Abyss.
             The game lasted 00:35:23 (6784 turns).

Kazon the Carver (Minotaur Gladiator)               Turns: 6784, Time: 00:35:24

Health: 0/97       AC: 32    Str: 22    XL:     11   Next: 4%
Magic:  5/13       EV:  8    Int:  9    God:    Okawaru [***...]
Gold:   404        SH:  6    Dex: 12    Spells: 10/10 levels left

rFire   . . .      SeeInvis .   s - +3 falchion of Winter {venom, rCorr}
rCold   + . .      Faith    .   C - +0 buckler
rNeg    + . .      Spirit   .   f - +14 crystal plate armour "Poatirut" {rElec Str+3 Slay+3}
rPois   .          Reflect  .   c - +0 hat
rElec   +          Harm     .   (no cloak)
rCorr   +          Rampage  .   (no gloves)
Will    .....                   m - +2 pair of boots
Stlth   ..........              g - amulet of the acrobat
HPRegen 0.26/turn               x - ring of positive energy
MPRegen 0.13/turn               F - ring of protection from cold

@: heroic, finesse-ful
A: horns 2, retaliatory headbutt, [deformed body]
a: Renounce Religion, Heroism


You were on level 1 of the Abyss.
You worshipped Okawaru.
Okawaru was most pleased with you.
You visited 2 branches of the dungeon, and saw 11 of its levels.
You visited the Abyss 1 time.

You collected 630 gold pieces.
You spent 226 gold pieces at shops.

Inventory:

Hand Weapons
 o - a +2 dagger of venom
 s - the +3 falchion of Winter (weapon) {venom, rCorr}
   (You bought it in a shop on level 3 of the Dungeon)

   It poisons the flesh of those it strikes.
   rCorr:     It protects you from acid and corrosion.
 w - a +0 arbalest
Missiles
 d - 3 throwing nets
 e - 2 javelins
 v - 10 boomerangs (quivered)
 G - 4 curare-tipped darts
 K - 13 poisoned darts
 Q - 2 atropa-tipped darts
Armour
 c - a +0 hat (worn)
 f - the +14 crystal plate armour "Poatirut" (worn) {rElec Str+3 Slay+3}
   (You acquired it on level 1 of the Dungeon)

   Str:       It affects your strength (+3).
   Slay:      It affects your accuracy & damage with ranged weapons and melee
   (+3).
   rElec:     It insulates you from electricity.
 m - a +2 pair of boots (worn)
 C - a +0 buckler (worn)
Jewellery
 g - an amulet of the acrobat (around neck)
 x - a ring of positive energy (left hand)
 F - a ring of protection from cold (right hand)
 P - a ring of protection from cold
Wands
 z - a wand of mindburst (20)
 D - a wand of flame (14)
 J - a wand of paralysis (13)
 M - a wand of roots (6)
Scrolls
 i - 11 scrolls of identify
 l - a scroll of amnesia {unknown}
 n - a scroll of immolation
 p - a scroll of poison {unknown}
 q - 3 scrolls of fog {unknown}
 t - a scroll of magic mapping {unknown}
 u - 2 scrolls of noise {unknown}
 y - 4 scrolls of teleportation
 A - 2 scrolls of enchant weapon {unknown}
 L - 3 scrolls of fear
 N - a scroll of summoning {unknown}
Potions
 a - 2 potions of ambrosia {unknown}
 b - 4 potions of berserk rage {unknown}
 h - 2 potions of haste {unknown}
 j - 4 potions of attraction {unknown}
 k - 2 potions of flight
 r - 5 potions of lignification {unknown}
 B - 2 potions of magic {unknown}
 E - 2 potions of cancellation {unknown}
 H - 2 potions of curing
 I - a potion of might
Miscellaneous
 O - a condenser vane


   Skills:
 + Level 9.1(14.1) Fighting
 + Level 11.1(16.1) Long Blades
 + Level 4.4(9.4) Ranged Weapons
 + Level 7.1(12.1) Throwing
 + Level 8.0(13.0) Armour
 + Level 7.0(12.0) Dodging
 + Level 1.3(6.3) Stealth
 * Level 4.2(9.2) Shields
 * Level 4.0 Invocations
 * Level 3.6 Evocations


You had 10 spell levels left.
You didn't know any spells.
Your spell library contained the following spells:

 Spells                   Type           Power      Damage    Failure   Level
 Apportation              Tloc           0%         N/A       100%        1
 Magic Dart               Conj           0%         1d3       100%        1
 Necrotise                Necr           0%         1d4       100%        1
 Sting                    Tmut/Pois      0%         1d3       100%        1
 Poisonous Vapours        Pois/Air       0%         N/A       100%        2
 Mephitic Cloud           Conj/Pois/Air  0%         N/A       100%        3
 Ozocubu's Armour         Ice            0%         N/A       100%        3
 Olgreb's Toxic Radiance  Pois           0%         N/A       100%        4
 Fireball                 Conj/Fire      0%         3d3       100%        5
 Iskenderun's Battlesphe  Conj           0%         2d6       100%        5
 Metabolic Englaciation   Hex/Ice        0%         N/A       100%        5
 Conjure Ball Lightning   Conj/Air       0%         3x3d6     100%        6
 Orb of Destruction       Conj           0%         9d5       100%        7
 Summon Small Mammal      Summ           Unusable   N/A       N/A         1
 Call Imp                 Summ           Unusable   N/A       N/A         2
 Simulacrum               Ice/Necr       Unusable   N/A       N/A         6

Dungeon Overview and Level Annotations

Branches:
Dungeon (10/15)            Temple (1/1) D:7            Lair (0/5) D:10
    Orc: D:9-12

Altars:
Ashenzari
Dithmenos
Elyvilon
Gozag
Hepliaklqana
Makhleb
Nemelex Xobeh
Okawaru
Qazlal
Uskayaw
Xom

Shops:
D:3 (   D:8 ?(==

Annotations:
D:10 Erolcha


Innate Abilities, Weirdness & Mutations

You have a pair of horns on your head.
You reflexively headbutt those who attack you in melee.
[Armour fits poorly on your strangely shaped body.]


Message History

The Executioner hits you but does no damage. x2
You block the Executioner's attack.
A starcursed mass splits.
You can now deal lightning-fast blows.
You can no longer speed up your combat.
The Executioner hits you!
The Executioner hits you but does no damage. x5
You block the Executioner's attack.
The Executioner hits you but does no damage.
The Executioner barely misses you. The smoke demon gestures at you.
Something smites you!
* * * LOW HITPOINT WARNING * * *
A chorus of shrieks assaults your mind.
* * * LOW HITPOINT WARNING * * *
You slash the starcursed mass!
The starcursed mass is moderately damaged.
The starcursed mass shudders and is absorbed by its neighbour.
The Executioner hits you but does no damage. x3
Unknown command.
You slash the Executioner! Your headbutt misses the Executioner.
The Executioner is heavily wounded.
The Executioner hits you but does no damage. x3
You slash the Executioner!
The Executioner is heavily wounded.
The Executioner hits you!
* * * LOW HITPOINT WARNING * * *
The Executioner hits you but does no damage. x2
Unknown command.
The Executioner completely misses you. The Executioner barely misses you.
The Executioner closely misses you. The Executioner hits you.
* * * LOW HITPOINT WARNING * * *
You block the Executioner's attack. The Executioner barely misses you.
You hit the starcursed mass but do no damage.
You headbutt the starcursed mass!
The starcursed mass is moderately damaged.
The Executioner barely misses you.
The Executioner hits you but does no damage.
You block the Executioner's attack.
A starcursed mass splits.
A chorus of shrieks assaults your mind.
You die...

. .. . #.## #...#
## . #.X#.... # .
#. ## .# # .#. #
####.#.# # # .. .
. # #.. .# # . #
# #. ##.#.# ##.
###.#.X##. # .. .
. ##XX#.##X.####
. . ..
#.@1##1##.#. # ..
#..###X# #...# #
#. . .#..
#......#. ## ##.
. ###.
...#....#..# .#
#.#...#......#..#
. .... ##..##.#
#...# #...# . . #
# . ## ...# #..
#.## ~. # . #. #
.


You could see 2 starcursed masses, an Executioner (fast) and a large
abomination.

Vanquished Creatures
  A two-headed ogre (D:9)
  A thrashing horror (Abyss:1)
  Maggie (D:6)
  Prince Ribbit (D:9)
  A shadow (D:9)
  A vampire (D:10)
  A yak (D:6)
  2 wyverns
  Eustachio (D:5)
  2 steam dragons
  Menkaure (D:5)
  Edmund (D:6)
  An acid dragon (D:10)
  4 water moccasins
  4 orc warriors
  An ice beast (D:8)
  5 sky beasts
  2 black bears (D:6)
  4 centaurs
  An ogre (D:6)
  A wolf (D:10)
  2 phantoms (D:6)
  2 kobold brigands
  3 necrophages
  A bullfrog (Temple)
  A gnoll sergeant (D:7)
  5 scorpions
  14 wights
  An electric eel (D:10)
  A howler monkey (D:5)
  2 jellies (D:6)
  5 hounds
  7 orc priests
  A gnoll bouda (D:7)
  6 iguanas
  2 orc wizards (D:9)
  Robin (D:3)
  15 gnolls
  13 adders
  3 shadow imps
  2 white imps (D:7)
  An ufetubus (D:5)
  3 worms
  34 orcs
  10 endoplasms
  A giant cockroach (D:1)
  16 goblins
  9 hobgoblins
  A jackal (D:4)
  17 kobolds
  2 quokkas
  5 ball pythons
  4 bats
  3 frilled lizards
  6 rats
236 creatures vanquished.

Notes
Turn   | Place    | Note
-------+----------+-------------------------------------------
     0 | D:1      | Kazon the Minotaur Gladiator began the quest for the Orb.
     0 | D:1      | Reached XP level 1. HP: 18/18 MP: 0/0
    33 | D:1      | Identified a scroll of acquirement
    33 | D:1      | Acquired the +14 crystal plate armour "Poatirut" {rElec
                  | Str+3 Slay+3}
   196 | D:1      | Reached XP level 2. HP: 25/25 MP: 1/1
   199 | D:1      | Reached skill level 4 in Long Blades
   746 | D:2      | Reached XP level 3. HP: 29/30 MP: 2/2
  1102 | D:2      | Reached XP level 4. HP: 38/38 MP: 3/3
  1158 | D:2      | Reached skill level 5 in Long Blades
  1236 | D:3      | Found Umat's Antique Weapon Boutique.
  1263 | D:3      | Bought a crude falchion for 184 gold pieces
  1263 | D:3      | Identified the +3 falchion of Winter {venom, rCorr} (You
                  | bought it in a shop on level 3 of the Dungeon)
  1487 | D:3      | Reached XP level 5. HP: 39/45 MP: 4/4
  1545 | D:3      | Reached skill level 1 in Armour
  1545 | D:3      | Noticed Robin
  1553 | D:3      | Killed Robin
  1677 | D:3      | Reached skill level 8 in Long Blades
  1677 | D:3      | Reached skill level 5 in Throwing
  1677 | D:3      | Reached XP level 6. HP: 60/60 MP: 5/5
  2127 | D:4      | Reached skill level 9 in Long Blades
  2179 | D:4      | Found a hazy altar of Hepliaklqana.
  2284 | D:4      | Reached XP level 7. HP: 66/66 MP: 6/6
  2665 | D:5      | Entered Level 5 of the Dungeon
  2668 | D:5      | You fall into a shaft and drop 1 floor!
  2968 | D:5      | Reached skill level 1 in Ranged Weapons
  3050 | D:5      | Noticed Menkaure
  3053 | D:5      | Killed Menkaure
  3054 | D:5      | Reached skill level 1 in Evocations
  3054 | D:5      | Reached XP level 8. HP: 74/74 MP: 7/7
  3268 | D:5      | Noticed Eustachio
  3292 | D:5      | Killed Eustachio
  3667 | D:7      | Found a staircase to the Ecumenical Temple.
  3678 | Temple   | Entered the Ecumenical Temple
  3851 | Temple   | Became a worshipper of Warmaster Okawaru
  3872 | Temple   | Reached XP level 9. HP: 77/81 MP: 8/8
  3924 | D:7      | Found a hide-covered altar of Uskayaw.
  3975 | D:6      | Reached skill level 1 in Shields
  3975 | D:6      | Reached skill level 1 in Invocations
  3991 | D:6      | Reached skill level 10 in Long Blades
  4029 | D:6      | Reached * piety under Okawaru
  4072 | D:6      | Noticed Edmund
  4088 | D:6      | Killed Edmund
  4088 | D:6      | Reached ** piety under Okawaru
  4511 | D:6      | Noticed Maggie
  4523 | D:6      | Killed Maggie
  4523 | D:6      | Reached *** piety under Okawaru
  4524 | D:6      | Reached XP level 10. HP: 69/90 MP: 10/10
  4941 | D:7      | Found a white marble altar of Elyvilon.
  5108 | D:8      | Found Quzidd's Magic Scroll Emporium.
  5113 | D:8      | Bought a scroll of teleportation for 42 gold pieces
  5398 | D:8      | Found Esumer's Weapon Shop.
  5656 | D:8      | Found Zoxtaeshakh's Jewellery Boutique.
  5719 | D:8      | Found Heidghoki's Jewellery Shop.
  6015 | D:9      | Received a gift from Okawaru
  6296 | D:9      | Received a gift from Okawaru
  6320 | D:9      | Reached skill level 11 in Long Blades
  6403 | D:9      | Noticed Prince Ribbit
  6434 | D:9      | Killed Prince Ribbit
  6542 | D:9      | Noticed a two-headed ogre
  6553 | D:9      | Killed a two-headed ogre
  6576 | D:10     | Entered Level 10 of the Dungeon
  6676 | D:10     | Reached skill level 1 in Stealth
  6676 | D:10     | Reached **** piety under Okawaru
  6676 | D:10     | Received a gift from Okawaru
  6693 | D:10     | Found a staircase to the Lair.
  6717 | D:10     | Noticed Erolcha
  6717 | Abyss:1  | Cast into level 1 of the Abyss (Erolcha)
  6749 | Abyss:1  | Noticed a starcursed mass
  6749 | Abyss:1  | Noticed a thrashing horror
  6749 | Abyss:1  | Noticed a large abomination
  6749 | Abyss:1  | Noticed a smoke demon
  6750 | Abyss:1  | Noticed an Executioner
  6750 | Abyss:1  | Noticed a blizzard demon
  6750 | Abyss:1  | Noticed a wretched star
  6750 | Abyss:1  | Noticed a large abomination
  6751 | Abyss:1  | Noticed a profane servitor
  6772 | Abyss:1  | Killed a thrashing horror
  6773 | Abyss:1  | Reached XP level 11. HP: 68/97 MP: 9/13
  6783 | Abyss:1  | HP: 4/97 [Executioner (6)]
  6784 | Abyss:1  | Killed from afar by a starcursed mass

Illustrated notes

Levels and vault maps discovered:
D:1:      dpeg_arrival_three_smaller_balls, layout_basic
D:2:      layout_loops_ring
D:3:      layout_basic, serial_shops, nicolae_shop_stone, st_stairs_9,
          minmay_misc_feat_doors, eino_curves_03, uniq_robin
D:4:      minmay_wonky_spiral, layout_basic,
          mainiacjoe_overflow_surrounded_room, minivault_5
D:5:      layout_cave_pods, uniq_menkaure, uniq_eustachio
D:6:      cheibrodos_barr_body, layout_basic, minmay_crystal_room,
          minmay_pentangle, uniq_maggie, uniq_edmund
D:7:      layout_cave_pools, nicolae_uskayaw_murder_on_the_dancefloor,
          elyvilon_altar_4, minmay_temple_entry_purple_smoke
D:8:      layout_basic, serial_shops, shop_statue, kennysheep_little_box, shop,
          nicolae_shop_window_shopping
D:9:      layout_cave_pools, uniq_prince_ribbit1
D:10:     layout_stronghold, erik_lair_island, serial_shops,
          nicolae_shop_statue_plus, uniq_erolcha
Temple:   nicolae_temple_bog_church
Abyss:1:  base: D:6, minivault_28

Skill      XL: |  1  2  3  4  5  6  7  8  9 10 |
---------------+-------------------------------+-----
Long Blades    | 4 5 8 9 10 11 | 11.1
Fighting       | 3 7 8 9 |  9.1
Armour         | 6 7 8 |  8.0
Throwing       | 5 6 7 |  7.1
Dodging        | 7 |  7.0
Ranged Weapons | 1 3 4 |  4.4
Evocations     | 1 2 3 |  3.6
Shields        | 2 4 |  4.2
Invocations    | 2 4 |  4.0
Stealth        | 1 |  1.3

Action                   |  1- 3 |  4- 6 |  7- 9 | 10-12 || total
-------------------------+-------+-------+-------+-------++-------
Melee: Long sword        |    51 |     3 |       |       ||    54
       Headbutt          |    10 |    14 |    44 |    34 ||   102
       Falchion          |       |    67 |   198 |   165 ||   430
       Punch             |       |       |     1 |       ||     1
 Fire: Arbalest          |       |       |    41 |       ||    41
Throw: Stone             |    11 |    20 |    33 |    46 ||   110
       Boomerang         |       |       |     1 |    56 ||    57
       Dart              |       |       |       |     1 ||     1
Invok: Heroism           |       |       |       |     1 ||     1
       Finesse           |       |       |       |     1 ||     1
Evoke: Wand              |       |       |       |     3 ||     3
  Use: Scroll            |     1 |       |     3 |     2 ||     6
       Potion            |       |     1 |       |     1 ||     2
 Stab: Paralysed         |       |       |       |     6 ||     6
Armor: Crystal plate arm |    18 |    38 |   160 |   109 ||   325
Dodge: Dodged            |    10 |    34 |    54 |    74 ||   172
Block: Buckler           |       |       |    20 |    37 ||    57
